 Dungeon Crawl Stone Soup version 0.23.2-33-g5129a83184 (webtiles) character file.

Game seed: 7399514474364205317

1478 psyvane the Basher (level 8, 0/68 HPs)
             Began as a Minotaur Berserker on June 24, 2019.
             Was a Priest of Trog.
             Slain by a bullfrog (3 damage)
             ... on level 6 of the Dungeon on June 26, 2019.
             The game lasted 01:13:49 (5892 turns).

psyvane the Basher (Minotaur Berserker)             Turns: 5892, Time: 01:13:50

Health: 0/68       AC: 15    Str: 24    XL:     8   Next: 50%
Magic:  7/7        EV: 10    Int:  4    God:    Trog [***...]
Gold:   44         SH:  0    Dex: 10    Spells: 7/7 levels left

rFire    + . .     SeeInvis .   a - +0 mace
rCold    . . .     Gourm    +   (no shield)
rNeg     . . .     Faith    .   i - +3 chain mail {rF+}
rPois    .         Spirit   .   (helmet restricted)
rElec    .         Reflect  .   l - scarf {cloud immunity}
rCorr    .         Harm     .   w - +0 pair of gloves
MR       .....     Rnd*Rage +   (no boots)
Stlth    ..........             t - amulet of the gourmand
HPRegen  0.21/turn              (no ring)
MPRegen  0.10/turn              (no ring)

@: confused, berserk cooldown
A: retaliatory headbutt, horns 2, berserk 1, mutation resistance 1, screaming 1,
subdued magic 1
a: Berserk, Trog's Hand, Renounce Religion


You were on level 6 of the Dungeon.
You worshipped Trog.
Trog was most pleased with you.
You were very hungry.

You visited 2 branches of the dungeon, and saw 7 of its levels.

You collected 269 gold pieces.
You spent 225 gold pieces at shops.

Inventory:

Hand Weapons
 a - a +0 mace (weapon)
 q - a +2 short sword of distortion
 Q - a +2 dagger of venom
 S - a +0 giant club
 V - a +0 flail
Missiles
 j - 92 arrows
 k - 2 tomahawks (quivered)
 n - 56 sling bullets
 r - 180 stones
 P - 28 bolts
Armour
 h - a +1 scale mail
 i - a +3 chain mail of fire resistance (worn)
 l - a scarf of cloud immunity (worn)
 w - a +0 pair of gloves (worn)
 R - a +0 chain mail
Jewellery
 t - an amulet of the gourmand (around neck)
Wands
 e - a wand of paralysis (4)
 y - a wand of iceblast (25)
Scrolls
 d - 4 scrolls of enchant weapon
 f - a scroll of teleportation
 L - a scroll of remove curse
 M - a scroll of identify
Potions
 m - a potion of flight {unknown}
 p - a potion of resistance
 u - 2 potions of curing
 z - a potion of mutation
 D - a potion of lignification
 K - a potion of ambrosia
 T - a potion of haste
 Z - a potion of cancellation
Comestibles
 c - 10 rations


   Skills:
 + Level 5.3 Fighting
 + Level 9.6 Maces & Flails
 + Level 7.5 Armour
 + Level 3.7 Dodging
 + Level 0.6 Stealth


You had 7 spell levels left.
You didn't know any spells.
Your spell library contained the following spells:

 Spells                   Type           Power        Failure   Level  Hunger
 Magic Dart               Conj           #...         97%         1    ##.....
 Blink                    Tloc           N/A          99%         2    ###....
 Call Imp                 Summ           #.......     99%         2    ###....
 Slow                     Hex            #.......     99%         2    ###....
 Conjure Flame            Conj/Fire      #.......     100%        3    ####...
 Mephitic Cloud           Conj/Pois/Air  #.......     100%        3    ####...


Dungeon Overview and Level Annotations

Branches:
Dungeon (6/15)             Temple (1/1) D:4

Altars:
Ashenzari
Cheibriados
Dithmenos
Elyvilon
Gozag
Hepliaklqana
Kikubaaqudgha
Nemelex Xobeh
Okawaru
Trog
Uskayaw
Wu Jian
Xom
Yredelemnul
Zin
The Shining One

Shops:
D:5 }[:[%


Innate Abilities, Weirdness & Mutations

You reflexively headbutt those who attack you in melee.
You have a pair of horns on your head.
You tend to lose your temper in combat.
You are somewhat resistant to further mutation.
You occasionally shout uncontrollably at your foes.
Your spells are a little easier to cast, but a little less powerful.


Message History

The now-empty wand crumbles to dust.
The bullfrog closely misses you.
You miss the orc priest.
The orc priest is severely wounded.
The orc priest mumbles some strange prayers to Beogh against you.
Beogh smites you!
* * * LOW HITPOINT WARNING * * *
The bullfrog hits you.
* * * LOW HITPOINT WARNING * * *
The orc priest casts a cantrip, but nothing happens.
The bullfrog barely misses you.
Things that are here:
a +0 falchion; a +0 scale mail You bump into the rock wall.
The bullfrog hits you but does no damage.
The orc priest begins to cast a cantrip, but forgets the words!
The bullfrog barely misses you.
You completely miss the bullfrog. Your headbutt misses the bullfrog.
The bullfrog is almost dead.
The bullfrog hits you.
You die...

#.# .......
#####.###.......
#...............
####.#########.####
#.......# #.##.##.#
#) #†# # #. #†## #.
#@.# #.##Fo# #
######.#.).#.##..
......).......'..
#.####.......##..
####..### .....#
###.#.# .#.#


You could see a bullfrog and an orc priest.

Vanquished Creatures
  Duvessa (D:5)
  3 ice beasts
  2 ogres
  A phantom (D:4)
  Dowan (D:5)
  A howler monkey (D:6)
  2 crimson imps (D:5)
  A centaur skeleton (D:4)
  A hound (D:4)
  2 orc priests
  An orc wizard (D:3)
  3 iguanas (D:5)
  7 worker ants
  A mummy (D:5)
  6 gnolls
  11 adders
  A shadow imp (D:6)
  An ooze (D:1)
  An adder zombie (D:5)
  An adder skeleton (D:6)
  4 worms
  3 dart slugs
  A leopard gecko (D:4)
  8 orcs
  3 ball pythons
  7 giant cockroaches
  7 goblins
  3 hobgoblins
  13 jackals
  3 quokkas
  4 bats
  4 frilled lizards
  A jackal skeleton (D:4)
  8 kobolds
  8 rats
125 creatures vanquished.

Vanquished Creatures (others)
  A jackal (D:6)
1 creature vanquished.

Grand Total: 126 creatures vanquished

Notes
Turn   | Place    | Note
-------+----------+-------------------------------------------
     0 | D:1      | psyvane the Minotaur Berserker began the quest for the Orb.
     0 | D:1      | Reached XP level 1. HP: 19/19 MP: 0/0
   632 | D:1      | Reached skill level 4 in Maces & Flails
   639 | D:1      | Reached XP level 2. HP: 27/27 MP: 1/1
   764 | D:1      | Reached XP level 3. HP: 23/33 MP: 2/2
  1701 | D:2      | Reached ** piety under Trog
  1784 | D:2      | Reached skill level 5 in Maces & Flails
  2024 | D:2      | Gained mutation: You tend to lose your temper in combat.
                  | [potion of mutation]
  2024 | D:2      | Gained mutation: Your spells are a little easier to cast,
                  | but a little less powerful. [potion of mutation]
  2024 | D:2      | Gained mutation: You occasionally shout uncontrollably at
                  | your foes. [potion of mutation]
  2024 | D:2      | Gained mutation: You are somewhat resistant to further
                  | mutation. [potion of mutation]
  2117 | D:3      | Reached XP level 4. HP: 25/40 MP: 3/3
  2458 | D:3      | Reached XP level 5. HP: 46/46 MP: 4/4
  2665 | D:3      | Reached skill level 6 in Maces & Flails
  3048 | D:4      | Found a staircase to the Ecumenical Temple.
  3071 | D:4      | Noticed an ogre
  3080 | D:4      | Killed an ogre
  3080 | D:4      | Reached XP level 6. HP: 53/53 MP: 5/5
  3196 | D:4      | Reached skill level 7 in Maces & Flails
  3198 | D:4      | Found an iron altar of Okawaru.
  3351 | D:4      | Found a shattered altar of Ashenzari.
  3414 | D:4      | Reached skill level 5 in Armour
  3503 | D:4      | Reached XP level 7. HP: 60/60 MP: 6/6
  3609 | D:4      | Reached *** piety under Trog
  3906 | D:4      | Found a hazy altar of Hepliaklqana.
  3936 | Temple   | Entered the Ecumenical Temple
  4364 | D:5      | Entered Level 5 of the Dungeon
  4364 | D:5      | Found Heahur's Food Emporium.
  4388 | D:5      | Reached skill level 8 in Maces & Flails
  4467 | D:5      | Reached skill level 5 in Fighting
  4785 | D:5      | Reached XP level 8. HP: 64/68 MP: 7/7
  5051 | D:5      | Noticed Dowan
  5052 | D:5      | Noticed Duvessa
  5060 | D:5      | Killed Duvessa
  5060 | D:5      | Reached skill level 9 in Maces & Flails
  5064 | D:5      | Killed Dowan
  5069 | D:5      | Upgraded the game from 0.23.2-30-g0e89c35649 to
                  | 0.23.2-33-g5129a83184
  5136 | D:5      | Found Ciclaos's Book Shop.
  5154 | D:5      | Found Zuturuor's Antique Armour Shoppe.
  5166 | D:5      | Bought a glowing chain mail for 225 gold pieces
  5230 | D:5      | Found Ziabrua's Gadget Shop.
  5475 | D:5      | Found Waopt's Armour Shoppe.
  5510 | D:5      | Found a snail-covered altar of Cheibriados.
  5604 | D:5      | Found an ancient bone altar of Kikubaaqudgha.
  5888 | D:6      | HP: 3/68 [orc priest/divine providence (12)]
  5892 | D:6      | Slain by a bullfrog

Skill      XL: |  1  2  3  4  5  6  7  8 |
---------------+-------------------------+-----
Maces & Flails | 4 5 6 7 8 9 |  9.6
Fighting       | 4 5 |  5.3
Armour         | 3 4 5 6 7 |  7.5
Dodging        | 3 |  3.7
Stealth        | |  0.6

Action                   |  1- 3 |  4- 6 |  7- 9 || total
-------------------------+-------+-------+-------++-------
Melee: Mace              |    73 |    95 |   141 ||   309
       Headbutt          |     7 |    12 |    31 ||    50
Invok: Trog's Hand       |     1 |       |     1 ||     2
       Berserk           |       |     4 |     6 ||    10
  Use: Scroll            |     8 |     2 |     4 ||    14
       Potion            |     2 |       |     4 ||     6
  Eat: Chunk             |     6 |     8 |     8 ||    22
       Ration            |       |       |     1 ||     1
Armor: Scale mail        |    29 |    32 |    25 ||    86
       Chain mail        |       |       |    39 ||    39
Dodge: Dodged            |    49 |    65 |    64 ||   178
